 Dungeon Crawl Stone Soup version 0.30-a0-722-g3e6e8c874d (webtiles) character file.

Game seed: 12117958138209605337

23338 Dittersdorf the Protected (level 13, -10/87 HPs)
             Began as a Gargoyle Fighter on Jan 26, 2023.
             Was the Champion of Okawaru.
             Mangled by a naga
             ... wielding a +0 glaive
              (19 damage)
             ... on level 3 of the Lair of Beasts on Jan 27, 2023.
             The game lasted 00:24:13 (10634 turns).

Dittersdorf the Protected (Gargoyle Fighter)       Turns: 10634, Time: 00:24:13

Health: -10/87     AC: 34    Str: 24    XL:     13   Next: 6%
Magic:  11/13      EV:  6    Int: 10    God:    Okawaru [******]
Gold:   793        SH:  8    Dex:  9    Spells: 12/12 levels left

rFire   . . .      SeeInvis .    x - +0 morningstar
rCold   . . .      Faith    .    c - +0 buckler
rNeg    + + .      Spirit   .    y - +0 plate armour {rPois}
rPois   ∞          Reflect  .    k - +1 helmet
rElec   +          Harm     .    (no cloak)
rCorr   .          Rampage  .    H - +0 pair of gloves
Will    .....                    p - +1 pair of boots Stlth
                                 a - amulet of regeneration
HPRegen 1.14/turn                b - ring of positive energy
MPRegen 0.13/turn                G - +4 ring of slaying

@: heroic, constricted, studying Long Blades
A: sickness immunity, AC +9, negative energy resistance 1, electricity
resistance, torment resistance 1, petrification resistance
a: Renounce Religion, Heroism, Finesse, Duel


You were on level 3 of the Lair of Beasts.
You worshipped Okawaru.
Okawaru was exalted by your worship.
You visited 3 branches of the dungeon, and saw 14 of its levels.

You collected 793 gold pieces.

Inventory:

Hand Weapons
 x - a +0 morningstar (weapon)
 B - a +0 broad axe of venom
Missiles
 j - a throwing net (quivered)
Armour
 c - a +0 buckler (worn)
 k - a +1 helmet (worn)
 p - a +1 pair of boots (worn)
 y - a +0 plate armour of poison resistance (worn)
 H - a +0 pair of gloves (worn)
Jewellery
 a - an amulet of regeneration (around neck)
 b - a ring of positive energy (left hand)
 m - a ring of ice
 G - a +4 ring of slaying (right hand)
Wands
 t - a wand of light (20)
 w - a wand of flame (42)
 D - a wand of iceblast (1)
Scrolls
 g - 7 scrolls of teleportation
 n - 3 scrolls of fear
 s - a scroll of magic mapping
 v - a scroll of blinking
 A - a scroll of silence
Potions
 d - 3 potions of cancellation
 e - a potion of magic
 f - 4 potions of mutation
 h - a potion of invisibility
 l - 4 potions of heal wounds
 o - 3 potions of flight {unknown}
 q - 4 potions of might
 r - 2 potions of curing {unknown}
 u - 2 potions of haste {unknown}
 z - a potion of ambrosia
 C - 2 potions of resistance
 E - a potion of lignification {unknown}
 F - 2 potions of berserk rage {unknown}
Miscellaneous
 i - a piece from Xom's chessboard (15/15)


   Skills:
 + Level 12.3(17.3) Fighting
 + Level 11.1(16.1) Maces & Flails
 + Level 12.3(17.3) Armour
 + Level 12.3(17.3) Shields


You had 12 spell levels left.
You didn't know any spells.
Your spell library contained the following spells:

 Spells                   Type           Power      Damage    Failure   Level
 Apportation              Tloc           0%         N/A       96%         1
 Slow                     Hex            0%         N/A       96%         1
 Ensorcelled Hibernation  Hex/Ice        0%         N/A       99%         2
 Passwall                 Tmut/Erth      0%         N/A       99%         2
 Poisonous Vapours        Pois/Air       0%         N/A       99%         2
 Static Discharge         Conj/Air       0%         2-2/arc   99%         2
 Wereblood                Tmut           0%         N/A       99%         2
 Confusing Touch          Hex            0%         N/A       100%        3
 Hailstorm                Conj/Ice       0%         3d3       100%        3
 Ignite Poison            Fire/Tmut/Pois 0%         N/A       100%        3
 Kindle Blastsparks       Fire/Tloc/Air  0%         2d10      100%        3
 Mephitic Cloud           Conj/Pois/Air  0%         N/A       100%        3
 Ozocubu's Armour         Ice            0%         N/A       100%        3
 Swiftness                Air            0%         N/A       100%        3
 Vampiric Draining        Necr           0%         2d6       100%        3
 Ice Form                 Ice/Tmut       0%         N/A       100%        4
 Alistair's Intoxication  Tmut/Pois      0%         N/A       100%        5
 Freezing Cloud           Conj/Ice/Air   0%         6-21      100%        5
 Metabolic Englaciation   Hex/Ice        0%         N/A       100%        5
 Yara's Violent Unravell  Hex/Tmut       0%         3d3       100%        5
 Ozocubu's Refrigeration  Ice            0%         4d7       100%        7
 Discord                  Hex            0%         N/A       100%        8
 Cigotuvi's Dreadful Rot  Necr/Pois/Air  Unusable   N/A       N/A         2
 Sublimation of Blood     Necr           Unusable   N/A       N/A         2
 Simulacrum               Ice/Necr       Unusable   N/A       N/A         6
 Summon Hydra             Summ           Unusable   N/A       N/A         7

Dungeon Overview and Level Annotations

Branches:
Dungeon (10/15)            Temple (1/1) D:4            Lair (3/5) D:9
  Swamp (0/4) Lair:2        Snake (0/4) Lair:3          Orc (0/2) D:10

Altars:
Cheibriados
Dithmenos
Elyvilon
Gozag
Makhleb
Nemelex Xobeh
Okawaru
Ru
Sif Muna
Trog
Vehumet
Wu Jian
Xom

Shops:
D:5 **   D:9 :


Innate Abilities, Weirdness & Mutations

You are immune to sickness and miasma.
Your stone body is resilient. (AC +9)
You are immune to poison.
You resist negative energy. (rN+)
You are resistant to electric shocks. (rElec)
You are resistant to unholy torment.
You are immune to petrification.


Message History

You are too injured to fight recklessly!
You are too injured to fight recklessly!
You are too injured to fight recklessly!
You are too injured to fight recklessly!
You are too injured to fight recklessly!
You are too injured to fight recklessly!
You are too injured to fight recklessly!
You are too injured to fight recklessly!
You are too injured to fight recklessly!
You are too injured to fight recklessly!
You are too injured to fight recklessly!
You are too injured to fight recklessly!
You are too injured to fight recklessly!
You are too injured to fight recklessly!
You are too injured to fight recklessly!
You are too injured to fight recklessly!
You are too injured to fight recklessly!
You are too injured to fight recklessly!
You are too injured to fight recklessly!
You completely miss the polar bear.
The polar bear is almost dead.
The bullfrog hits you but does no damage.
The polar bear bites you but does no damage.
The polar bear claws you but does no damage. x2
The naga hits you but does no damage. The naga constricts you.
You block the bullfrog's attack. The naga barely misses you.
You bludgeon the polar bear!!
You kill the polar bear!
Okawaru accepts your kill. The bullfrog barely misses you.
The naga hits you but does no damage. The naga constricts you.
The naga hits you from afar with a +0 glaive!
* * * LOW HITPOINT WARNING * * *
You gain the combat prowess of a mighty hero.
The bullfrog hits you but does no damage.
The naga hits you with a +0 scimitar!
* * * LOW HITPOINT WARNING * * *
The naga constricts you. The bullfrog barely misses you.
The naga hits you from afar with a +0 glaive!!
You die...

###.### ..(.... .......
### ##.#.PP ### ..##
.P..P.P ####
##.###..#### .......
##...# ##...#...#.>##
##.#.##
...⌠..###..........P..
##....
#.>.....#...#..........
##..##
.#...⌠.N.@..###...###.#
##.# ..###...#FN.##
###.# ##.# #..# ##
##.## ##.# ##†##..>##
#########..# #†.#......
...........##.#
.........#
#.###.#.P......#
##..#....# #
#.###.###... ##.## ...#
##.###..##..## #P.# ###
#....##..#...


You could see 2 nagas and a bullfrog.

Vanquished Creatures
  Gastronok (D:9)
  A ghost crab (Lair:2)
  A two-headed ogre (D:10)
  2 hydras
  A spectral hydra (Lair:2)
  An ugly thing (D:10)
  A manticore (D:8)
  Joseph (D:7)
  9 elephants
  A torpor snail (D:9)
  2 cane toads
  8 komodo dragons
  A tengu conjurer (D:10)
  A hornet (D:10)
  A spectral elephant (Lair:2)
  2 trolls (D:9)
  2 polar bears (Lair:3)
  7 blink frogs (Lair:1)
  5 dream sheep (Lair:2)
  Sigmund (D:2)
  2 wraiths (D:10)
  2 wyverns (Lair:3)
  18 yaks
  A basilisk (Lair:3)
  Menkaure (D:6)
  A naga (Lair:3)
  7 water moccasins
  A sky beast (D:7)
  2 orc warriors
  2 black bears
  4 wolves (Lair:3)
  A spectral rime drake (Lair:2)
  2 ogres
  3 centaurs
  A phantom (D:7)
  3 kobold brigands
  8 bullfrogs
  A spectral water moccasin (Lair:2)
  A necrophage (D:6)
  A scorpion (D:5)
  10 wights (D:9)
  8 killer bees
  3 howler monkeys
  2 electric eels (Lair:1)
  A hound (D:5)
  2 gnoll boudas
  5 orc priests
  2 jellies
  4 iguanas
  5 orc wizards
  Robin (D:2)
  8 gnolls
  6 adders
  A shadow imp (D:8)
  2 ufetubi
  2 worms
  A dart slug (D:5)
  36 orcs
  3 endoplasms
  7 giant cockroaches
  12 goblins
  6 hobgoblins
  3 jackals (D:3)
  22 kobolds
  5 quokkas
  6 ball pythons (D:1)
  6 bats
  6 frilled lizards
  6 rats
292 creatures vanquished.

Vanquished Creatures (others)
  An orc wizard (D:8)
  4 fungi
  11 plants
16 creatures vanquished.

Grand Total: 308 creatures vanquished

Notes
Turn   | Place    | Note
-------+----------+-------------------------------------------
     0 | D:1      | Dittersdorf the Gargoyle Fighter began the quest for the
                  | Orb.
     0 | D:1      | Reached XP level 1. HP: 14/14 MP: 1/1
   107 | D:1      | Reached XP level 2. HP: 18/19 MP: 2/2
   203 | D:1      | Got the Commentary on Lofty Interference
   563 | D:1      | Reached XP level 3. HP: 23/23 MP: 3/3
   802 | D:2      | Noticed Robin
   902 | D:2      | Killed Robin
  1189 | D:2      | Reached XP level 4. HP: 29/29 MP: 4/4
  1297 | D:2      | Noticed Sigmund
  1306 | D:2      | Killed Sigmund
  1307 | D:2      | Reached XP level 5. HP: 32/34 MP: 2/5
  1307 | D:2      | Reached XP level 6. HP: 36/39 MP: 2/6
  1844 | D:3      | Found a faded altar of an unknown god.
  1895 | D:3      | You fall into a shaft and drop 1 floor!
  1895 | D:4      | Found a staircase to the Ecumenical Temple.
  1896 | D:4      | yay!
  1899 | Temple   | Entered the Ecumenical Temple
  1946 | Temple   | Became a worshipper of Warmaster Okawaru
  1947 | Temple   | Upgraded the game from 0.30-a0-719-gcc4359ea44 to
                  | 0.30-a0-722-g3e6e8c874d
  2029 | D:4      | Found a shadowy altar of Dithmenos.
  2030 | D:4      | Found a burning altar of Makhleb.
  2039 | D:4      | Found a radiant altar of Vehumet.
  2126 | D:4      | Found a shimmering altar of Xom.
  2127 | D:4      | Found a white marble altar of Elyvilon.
  2128 | D:4      | Found an ornate altar of the Wu Jian Council.
  2153 | D:4      | Noticed a black bear
  2160 | D:4      | Killed a black bear
  2161 | D:4      | Reached skill level 5 in Armour
  2206 | D:4      | Reached skill level 5 in Fighting
  2404 | D:5      | Entered Level 5 of the Dungeon
  2520 | D:4      | Reached skill level 5 in Shields
  2543 | D:5      | Reached * piety under Okawaru
  2544 | D:5      | Reached XP level 7. HP: 38/44 MP: 5/7
  2996 | D:5      | Found Foda's Specific Store.
  2998 | D:5      | Found Orynamp's General Store.
  3598 | D:6      | Reached XP level 8. HP: 33/51 MP: 5/8
  3763 | D:6      | Reached ** piety under Okawaru
  4072 | D:6      | Reached skill level 5 in Maces & Flails
  4164 | D:6      | Noticed Menkaure
  4176 | D:6      | Killed Menkaure
  4380 | D:6      | Found a shimmering blue altar of Sif Muna.
  4418 | D:6      | Found a sparkling altar of Nemelex Xobeh.
  4787 | D:7      | Noticed Joseph
  4803 | D:7      | Killed Joseph
  4803 | D:7      | Reached *** piety under Okawaru
  4804 | D:7      | Reached XP level 9. HP: 23/57 MP: 7/9
  4854 | D:7      | Found a bloodstained altar of Trog.
  5388 | D:8      | Noticed a manticore
  5400 | D:8      | Killed a manticore
  5400 | D:8      | Reached **** piety under Okawaru
  5453 | D:8      | Received a gift from Okawaru
  5463 | D:8      | Reached XP level 10. HP: 64/64 MP: 10/10
  6634 | D:9      | Noticed Gastronok
  6664 | D:9      | Killed Gastronok
  6664 | D:9      | Reached ***** piety under Okawaru
  6800 | D:9      | Found a staircase to the Lair.
  6870 | D:9      | Found Miqutal's Book Boutique.
  7087 | D:10     | Entered Level 10 of the Dungeon
  7504 | D:10     | Reached XP level 11. HP: 63/71 MP: 11/11
  7518 | D:10     | Found a staircase to the Orcish Mines.
  7794 | D:10     | Noticed a cyan ugly thing
  7805 | D:10     | Noticed a two-headed ogre
  7810 | D:10     | Noticed an eight-headed hydra
  7817 | D:10     | Killed a two-headed ogre
  7866 | D:10     | Reached skill level 10 in Fighting
  7866 | D:10     | Reached skill level 10 in Armour
  7866 | D:10     | Reached skill level 10 in Shields
  7881 | D:10     | Killed an eight-headed hydra
  7900 | D:10     | Killed a cyan ugly thing
  8109 | Lair:1   | Entered Level 1 of the Lair of Beasts
  8138 | D:9      | Received a gift from Okawaru
  8585 | Lair:1   | Identified the +10 spear "Guong" {protect, Fly rC++ MP+9
                  | Str-5}
  9116 | Lair:2   | Reached XP level 12. HP: 49/79 MP: 12/12
  9154 | Lair:2   | Identified the amulet of Venun {Spirit Rampage Stlth+}
  9228 | Lair:2   | Reached skill level 10 in Maces & Flails
  9403 | Lair:2   | Found a staircase to the Swamp.
  9403 | Lair:2   | Noticed a ghost crab
  9458 | Lair:2   | Killed a ghost crab
  9541 | Lair:2   | Reached ****** piety under Okawaru
  9713 | Lair:2   | Noticed a seven-headed hydra
  9726 | Lair:2   | Killed a seven-headed hydra
  9889 | Lair:2   | Received a gift from Okawaru
 10439 | Lair:3   | Reached XP level 13. HP: 86/86 MP: 13/13
 10618 | Lair:3   | Found a staircase to the Snake Pit.
 10634 | Lair:3   | Mangled by a naga

Illustrated notes

####+####
#.....@.#
#.......#
+...>...#
#.......#
#.......#
####+####


Turn 1896 on D:4: yay!

Levels and vault maps discovered:
D:1:      psy_arrival_whirlpool, layout_basic, serial_park_tiny_pond
D:2:      layout_basic, uniq_robin, uniq_sigmund
D:3:      wad_crossroads, layout_basic, nicolae_yredelemnul_ghost_church,
          chequers_ecumenical_altar_simple_redux, grunt_ministairs_4
D:4:      layout_rooms, minitemple, temple_green
D:5:      layout_cave_pools, nicolae_specific_store
D:6:      hellmonk_destroyed_diamonds, layout_basic,
          nemelex_diamond_rough_becter, nicolae_overflow_hidden_temple,
          uniq_menkaure
D:7:      layout_cave_pools, trog_three_pillars_becter, minmay_manual_moon,
          uniq_joseph
D:8:      layout_basic, kennysheep_just_a_vault
D:9:      layout_long_grid, lair_entry_dummy, serial_shops, shop,
          due_unseen_surprise, uniq_gastronok
D:10:     minmay_chambers_of_sixes, layout_loops_ring, hiddenorc1_lemuel
Temple:   nicolae_temple_slightly_damp_pantheon
Lair:1:   layout_loops_ring, nicolae_quartered_pool_super,
          infiniplex_staircase_pool_2
Lair:2:   layout_chaotic_city, nicolae_swamp_entry_spooky
Lair:3:   layout_loops_ring, nicolae_snake_entry_squirm, beast_lair_carwin_10

Skill      XL: |  1  2  3  4  5  6  7  8  9 10 11 12 |
---------------+-------------------------------------+-----
Fighting       | 4 5 7 8 9 10 12 | 12.3
Maces & Flails | 3 4 6 7 8 9 11 | 11.1
Armour         | 4 5 7 8 9 10 12 | 12.3
Shields        | 4 5 7 8 9 10 12 | 12.3

Action                     |  1- 3 |  4- 6 |  7- 9 | 10-12 | 13-15 || total
---------------------------+-------+-------+-------+-------+-------++-------
  Melee: Flail             |   158 |   140 |   219 |       |       ||   517
         Morningstar       |       |       |    97 |   922 |    37 ||  1056
 Invoke: Heroism           |       |       |     1 |    12 |     1 ||    14
         Finesse           |       |       |       |     2 |       ||     2
    Use: Potion            |       |     1 |       |       |       ||     1
         Scroll            |       |       |     5 |    14 |       ||    19
   Stab: Distracted        |       |       |       |     1 |       ||     1
 Armour: Scale mail        |   113 |    73 |     8 |       |       ||   194
         Chain mail        |       |       |   207 |       |       ||   207
         Plate armour      |       |       |    35 |   946 |    46 ||  1027
  Dodge: Dodged            |    97 |    63 |   105 |   409 |    25 ||   699
  Block: Buckler           |    40 |    31 |    82 |   320 |    19 ||   492

Table legend: (Time is in decaauts)
 A = Elapsed time spent in this place.
 B = Non-inter-level travel time spent in this place.
 C = Inter-level travel time spent in this place.
 D = Time resting spent in this place.
 E = Time spent auto-exploring this place.
 F = Levels seen in this place.
 G = Mean time per level.
                   A        B        C        D        E       F      G
               +--------+--------+--------+--------+--------+-----+--------+
         Total |  10853 |  10477 |    376 |   1075 |   6240 |  14 |  775.2 |
       Dungeon |   8286 |   7958 |    328 |    912 |   4701 |  10 |  828.6 |
        Temple |     70 |     70 |      0 |      0 |     38 |   1 |   70.0 |
          Lair |   2495 |   2448 |     47 |    163 |   1500 |   3 |  831.7 |
               +--------+--------+--------+--------+--------+-----+--------+

Top non-repeatable levels by time:
  Lair:2: 1148 daAuts
     D:5: 1020 daAuts
     D:6: 1020 daAuts
    D:10: 1015 daAuts
     D:8: 975 daAuts
  Lair:1: 909 daAuts
     D:2: 900 daAuts
     D:9: 899 daAuts
     D:1: 870 daAuts
     D:4: 781 daAuts
     D:7: 598 daAuts
  Lair:3: 438 daAuts
     D:3: 204 daAuts
  Temple: 70 daAuts
